| TOP OF THE 1ST |
|
Winter Haven Sun Sox batting - Pitching for Cocoa Flyers : RHP Marty Mason
|
|
Pitching: RHP Marty Mason
|
|
|
Batting: LHB Don Carter
|
0-0: Ball 1-0: Ball 2-0: Ball 3-0: Base on Balls
|
|
Batting: RHB Domingo Ramos
|
0-0: Called Strike Don Carter steals 2nd base 0-1: Fly out, F9 (Flyball, 9S, EV 96.3 MPH)
|
|
Batting: RHB Augie Schmidt
|
0-0: Ground out 4-3 (Groundball, 4, EV 105.6 MPH) Don Carter to third
|
|
Batting: RHB Michael Rupp
|
0-0: Ball 1-0: Called Strike 1-1: Called Strike 1-2: DOUBLE (Groundball, 5L, EV 101.3 MPH) Don Carter scores
|
|
Batting: RHB Takashi Upshur
|
0-0: SINGLE (Groundball, 6MD, EV 95.6 MPH) Michael Rupp to third Runner from 3rd tries for Home, SAFE, throw by CF to home
|
|
Batting: RHB Sam Sorce
|
0-0: Ball 1-0: Called Strike 1-1: Called Strike 1-2: DOUBLE (Line Drive, 3D, EV 101.9 MPH) Takashi Upshur to third Runner from 3rd tries for Home, SAFE, throw by RF to trailing runner, SAFE at third!
|
|
Batting: RHB Stephen Rhodes
|
0-0: Ball 1-0: Called Strike 1-1: Foul Ball, location: 2F 1-2: Ball 2-2: Ball 3-2: SINGLE (Flyball, 8RS, EV 94.4 MPH) Sam Sorce scores
|
|
Batting: RHB Tim Carroll
|
0-0: Swinging Strike 0-1: Ground out U3 (Groundball, 3, EV 86.3 MPH)
|
| Top of the 1st over - 4 runs, 4 hits, 0 errors, 1 left on base; Winter Haven 4 - Cocoa 0 |
| BOTTOM OF THE 1ST |
|
Cocoa Flyers batting - Pitching for Winter Haven Sun Sox : RHP Gregory Staffon
|
|
Pitching: RHP Gregory Staffon
|
|
|
Batting: RHB Johnny Salery
|
0-0: Foul Ball, location: 2F 0-1: Ball 1-1: Foul Ball, location: 2F 1-2: Ball 2-2: Foul Ball, location: 2F 2-2: Ball 3-2: Ground out 6-3 (Groundball, 6, EV 84.4 MPH)
|
|
Batting: RHB Lorenzo Quintanilla
|
0-0: Ground out U3 (Groundball, 3, EV 90.6 MPH)
|
|
Batting: LHB Gary Robertson
|
0-0: Ball 1-0: Called Strike 1-1: Ground out 4-3 (Groundball, 4, EV 88.8 MPH)
|
| Bottom of the 1st over - 0 runs, 0 hits, 0 errors, 0 left on base; Winter Haven 4 - Cocoa 0 |
| TOP OF THE 2ND |
|
Winter Haven Sun Sox batting - Pitching for Cocoa Flyers : RHP Marty Mason
|
|
Batting: RHB Jose Marcano
|
0-0: Ball 1-0: Foul Ball, location: 2F 1-1: Ball 2-1: Called Strike 2-2: Ball 3-2: Ground out 6-3 (Groundball, 56, EV 82.5 MPH)
|
|
Batting: LHB Don Carter
|
0-0: Ball 1-0: Ball 2-0: SINGLE (Groundball, 4M, EV 76.9 MPH) (infield hit)
|
|
Batting: RHB Domingo Ramos
|
0-0: Called Strike Don Carter steals 2nd base (no throw) 0-1: Ground out 5-3 (Groundball, 5, EV 100.0 MPH)
|
|
Batting: RHB Augie Schmidt
|
0-0: Foul Ball, location: 2F 0-1: Called Strike 0-2: Ball 1-2: Foul Ball, location: 2F 1-2: Ball 2-2: Ground out 6-3 (Groundball, 56, EV 84.4 MPH)
|
| Top of the 2nd over - 0 runs, 1 hit, 0 errors, 1 left on base; Winter Haven 4 - Cocoa 0 |
| BOTTOM OF THE 2ND |
|
Cocoa Flyers batting - Pitching for Winter Haven Sun Sox : RHP Gregory Staffon
|
|
Batting: RHB Larry McNutt
|
0-0: Called Strike 0-1: Foul Ball, location: 2F 0-2: Ball 1-2: SOLO HOME RUN (Flyball, 7LD, EV 105.0 MPH), Distance : 366 ft
|
|
Batting: LHB Shanie Dugas
|
0-0: Called Strike 0-1: Ball 1-1: Called Strike 1-2: Strikes out swinging
|
|
Batting: SHB Rick Lockwood
|
0-0: Called Strike 0-1: Ground out 2-3 (Groundball, 15S, EV 70.0 MPH)
|
|
Batting: RHB Charles Fick
|
0-0: Swinging Strike 0-1: Swinging Strike 0-2: Foul Ball, location: 2F 0-2: Fly out, F4 (Popup, 4S, EV 81.9 MPH)
|
| Bottom of the 2nd over - 1 run, 1 hit, 0 errors, 0 left on base; Winter Haven 4 - Cocoa 1 |
| TOP OF THE 3RD |
|
Winter Haven Sun Sox batting - Pitching for Cocoa Flyers : RHP Marty Mason
|
|
Batting: RHB Michael Rupp
|
0-0: Called Strike 0-1: Fly out, F9 (Flyball, 89M, EV 89.4 MPH)
|
|
Batting: RHB Takashi Upshur
|
0-0: Swinging Strike 0-1: Ball 1-1: Ball 2-1: Swinging Strike 2-2: Ball 3-2: Strikes out swinging
|
|
Batting: RHB Sam Sorce
|
0-0: Fly out, F8 (Line Drive, 8LD, EV 90.0 MPH)
|
| Top of the 3rd over - 0 runs, 0 hits, 0 errors, 0 left on base; Winter Haven 4 - Cocoa 1 |
| BOTTOM OF THE 3RD |
|
Cocoa Flyers batting - Pitching for Winter Haven Sun Sox : RHP Gregory Staffon
|
|
Batting: SHB Michael Palmer
|
0-0: Ball 1-0: Reached on error, E3 (Groundball, 34, EV 77.5 MPH)
|
|
Batting: RHB Rhett Whisman
|
0-0: Foul Ball, location: 2F 0-1: Ball 1-1: Foul Ball, location: 2F 1-2: Ball 2-2: Foul Ball, location: 2F 2-2: Ball 3-2: Base on Balls Michael Palmer to second
|
|
Batting: RHB Johnny Salery
|
0-0: Ball 1-0: Ball 2-0: Ball 3-0: Called Strike 3-1: Base on Balls Michael Palmer to third Rhett Whisman to second
|
|
Batting: RHB Lorenzo Quintanilla
|
0-0: Ball 1-0: Foul Ball, location: 2F 1-1: Ball 2-1: Ball 3-1: SINGLE (Groundball, 6MD, EV 101.9 MPH) Michael Palmer scores Rhett Whisman to third Johnny Salery to second
|
|
Batting: LHB Gary Robertson
|
0-0: Called Strike 0-1: Ball 1-1: Ball Passed Ball! Rhett Whisman scores Johnny Salery to third Lorenzo Quintanilla to second 2-1: Ball 3-1: Base on Balls
|
|
Batting: RHB Larry McNutt
|
0-0: Fielders Choice at 2nd, 5-4 (Groundball, 56S, EV 91.3 MPH) Johnny Salery scores Lorenzo Quintanilla to third
|
|
Batting: LHB Shanie Dugas
|
0-0: Ball 1-0: Ball 2-0: Ball 3-0: Called Strike 3-1: Base on Balls Larry McNutt to second
|
|
Batting: SHB Rick Lockwood
|
0-0: Foul Ball, location: 2F 0-1: Called Strike 0-2: Ball 1-2: Strikes out swinging
|
|
Batting: RHB Charles Fick
|
0-0: Ball 1-0: Ball 2-0: Ball 3-0: Base on Balls Lorenzo Quintanilla scores Larry McNutt to third Shanie Dugas to second
|
|
Batting: SHB Michael Palmer
|
0-0: Ball 1-0: Called Strike 1-1: Foul Ball, location: 2F 1-2: Fly out, F7 (Flyball, 7D, EV 93.8 MPH)
|
| Bottom of the 3rd over - 4 runs, 1 hit, 1 error, 3 left on base; Winter Haven 4 - Cocoa 5 |
| TOP OF THE 4TH |
|
Winter Haven Sun Sox batting - Pitching for Cocoa Flyers : RHP Marty Mason
|
|
Batting: RHB Stephen Rhodes
|
0-0: Swinging Strike 0-1: Foul Ball, location: 2F 0-2: Strikes out swinging
|
|
Batting: RHB Tim Carroll
|
0-0: Foul Ball, location: 2F 0-1: Ball 1-1: Ground out 4-3 (Groundball, 4, EV 82.5 MPH)
|
|
Batting: RHB Jose Marcano
|
0-0: Called Strike 0-1: Foul Ball, location: 2F 0-2: Ground out 1-3 (Groundball, P, EV 71.3 MPH)
|
| Top of the 4th over - 0 runs, 0 hits, 0 errors, 0 left on base; Winter Haven 4 - Cocoa 5 |
| BOTTOM OF THE 4TH |
|
Cocoa Flyers batting - Pitching for Winter Haven Sun Sox : RHP Gregory Staffon
|
|
Batting: RHB Rhett Whisman
|
0-0: Ball 1-0: Ball 2-0: Foul Ball, location: 2F 2-1: Fly out, F5 (Popup, 56, EV 76.3 MPH)
|
|
Batting: RHB Johnny Salery
|
0-0: Called Strike 0-1: Ball 1-1: Fly out, F8 (Flyball, 8RD, EV 96.9 MPH)
|
|
Batting: RHB Lorenzo Quintanilla
|
0-0: Called Strike 0-1: Ground out 5-3 (Groundball, 56S, EV 81.3 MPH)
|
| Bottom of the 4th over - 0 runs, 0 hits, 0 errors, 0 left on base; Winter Haven 4 - Cocoa 5 |
| TOP OF THE 5TH |
|
Winter Haven Sun Sox batting - Pitching for Cocoa Flyers : RHP Marty Mason
|
|
Batting: LHB Don Carter
|
0-0: Called Strike 0-1: Ball 1-1: Ball 2-1: Fly out, F8 (Flyball, 8LM, EV 85.0 MPH)
|
|
Batting: RHB Domingo Ramos
|
0-0: Ball 1-0: SINGLE (Line Drive, 6M, EV 95.6 MPH)
|
|
Batting: RHB Augie Schmidt
|
0-0: Called Strike 0-1: Swinging Strike 0-2: Strikes out swinging
|
|
Batting: RHB Michael Rupp
|
0-0: Ground out 2-3 (Groundball, 13S, EV 60.6 MPH)
|
| Top of the 5th over - 0 runs, 1 hit, 0 errors, 1 left on base; Winter Haven 4 - Cocoa 5 |
| BOTTOM OF THE 5TH |
|
Cocoa Flyers batting - Pitching for Winter Haven Sun Sox : RHP Gregory Staffon
|
|
Batting: LHB Gary Robertson
|
0-0: Ball 1-0: Ball 2-0: Called Strike 2-1: Ball 3-1: Foul Ball, location: 2F 3-2: Fly out, F8 (Flyball, 89D, EV 78.1 MPH)
|
|
Batting: RHB Larry McNutt
|
0-0: Foul Ball, location: 2F 0-1: Called Strike 0-2: Strikes out swinging
|
|
Batting: LHB Shanie Dugas
|
0-0: Ball 1-0: Ground out 4-3 (Groundball, 4M, EV 80.6 MPH)
|
| Bottom of the 5th over - 0 runs, 0 hits, 0 errors, 0 left on base; Winter Haven 4 - Cocoa 5 |
| TOP OF THE 6TH |
|
Winter Haven Sun Sox batting - Pitching for Cocoa Flyers : RHP Marty Mason
|
|
Batting: RHB Takashi Upshur
|
0-0: Ball 1-0: Ball 2-0: Foul Ball, location: 2F 2-1: SINGLE (Flyball, 8LS, EV 90.0 MPH)
|
|
Pitching: RHP Kenneth Rabun
|
|
|
Batting: RHB Sam Sorce
|
0-0: Called Strike 0-1: Ball 1-1: Called Strike 1-2: Ball 2-2: SINGLE (Groundball, 6D, EV 98.1 MPH) Takashi Upshur to second
|
|
Batting: RHB Stephen Rhodes
|
0-0: Ball 1-0: Ball 2-0: Ball 3-0: Called Strike 3-1: Base on Balls Takashi Upshur to third Sam Sorce to second
|
|
Batting: RHB Tim Carroll
|
0-0: Called Strike 0-1: Ball 1-1: Foul Ball, location: 2F 1-2: Ball 2-2: Foul Ball, location: 2F 2-2: Strikes out looking
|
|
Batting: RHB Jose Marcano
|
0-0: Ball 1-0: Fly out, F8 (Flyball, 8LD, EV 76.3 MPH) Runner from 3rd tags up, SCORES, throw by CF Sam Sorce to third
|
|
Batting: LHB Don Carter
|
0-0: Ball 1-0: Ground out 1-3 (Groundball, 34S, EV 68.8 MPH)
|
| Top of the 6th over - 1 run, 2 hits, 0 errors, 2 left on base; Winter Haven 5 - Cocoa 5 |
| BOTTOM OF THE 6TH |
|
Cocoa Flyers batting - Pitching for Winter Haven Sun Sox : RHP Gregory Staffon
|
|
Batting: SHB Rick Lockwood
|
0-0: Foul Ball, location: 2F 0-1: Called Strike 0-2: Ball 1-2: Strikes out swinging
|
|
Batting: RHB Charles Fick
|
0-0: Ball 1-0: Ground out 4-3 (Groundball, 4S, EV 74.4 MPH)
|
|
Batting: SHB Michael Palmer
|
0-0: Swinging Strike 0-1: Ground out 4-3 (Groundball, 4, EV 102.5 MPH)
|
| Bottom of the 6th over - 0 runs, 0 hits, 0 errors, 0 left on base; Winter Haven 5 - Cocoa 5 |
| TOP OF THE 7TH |
|
Winter Haven Sun Sox batting - Pitching for Cocoa Flyers : RHP Kenneth Rabun
|
|
Batting: RHB Domingo Ramos
|
0-0: Ball 1-0: Foul Ball, location: 2F 1-1: Foul Ball, location: 2F 1-2: Foul Ball, location: 2F 1-2: Ball 2-2: Ball 3-2: SINGLE (Groundball, 6MD, EV 94.4 MPH)
|
|
Pitching: RHP Curtis Reade
|
|
|
Batting: RHB Augie Schmidt
|
0-0: Ball 1-0: Ball 2-0: Called Strike 2-1: Swinging Strike 2-2: Foul Ball, location: 2F 2-2: Strikes out looking
|
|
Batting: RHB Michael Rupp
|
0-0: Called Strike 0-1: Ball 1-1: Ball 2-1: Ball 3-1: Called Strike 3-2: Foul Ball, location: 2F 3-2: Fly out, F8 (Flyball, 89S, EV 88.8 MPH)
|
|
Batting: RHB Takashi Upshur
|
0-0: Swinging Strike 0-1: Ball 1-1: Swinging Strike 1-2: Strikes out swinging
|
| Top of the 7th over - 0 runs, 1 hit, 0 errors, 1 left on base; Winter Haven 5 - Cocoa 5 |
| BOTTOM OF THE 7TH |
|
Cocoa Flyers batting - Pitching for Winter Haven Sun Sox : RHP Gregory Staffon
|
|
Batting: RHB Rhett Whisman
|
0-0: Called Strike 0-1: Swinging Strike 0-2: Strikes out swinging
|
|
Batting: RHB Johnny Salery
|
0-0: Swinging Strike 0-1: Ball 1-1: Foul Ball, location: 2F 1-2: Ball 2-2: Foul Ball, location: 2F 2-2: Ball 3-2: Ground out 4-3 (Groundball, 4, EV 104.4 MPH)
|
|
Batting: RHB Lorenzo Quintanilla
|
0-0: Fly out, F7 (Flyball, 7LS, EV 86.9 MPH)
|
| Bottom of the 7th over - 0 runs, 0 hits, 0 errors, 0 left on base; Winter Haven 5 - Cocoa 5 |
| TOP OF THE 8TH |
|
Winter Haven Sun Sox batting - Pitching for Cocoa Flyers : RHP Curtis Reade
|
|
Batting: RHB Sam Sorce
|
0-0: DOUBLE (Line Drive, 7LD, EV 113.8 MPH)
|
|
Batting: RHB Stephen Rhodes
|
0-0: Foul Ball, location: 2F 0-1: Foul Ball, location: 2F 0-2: Foul Ball, location: 2F 0-2: Foul Ball, location: 2F 0-2: Strikes out swinging
|
|
Batting: RHB Tim Carroll
|
0-0: Called Strike 0-1: Foul Ball, location: 2F 0-2: Ball 1-2: Ball 2-2: Ball 3-2: Fly out, F8 (Flyball, 8LXD, EV 107.5 MPH) Runner from 2nd tags up, SAFE at 3rd, no throw by CF
|
|
Batting: RHB Jose Marcano
|
0-0: Swinging Strike 0-1: Ball 1-1: Foul Ball, location: 2F 1-2: Ground out 5-3 (Groundball, 56, EV 86.9 MPH)
|
| Top of the 8th over - 0 runs, 1 hit, 0 errors, 1 left on base; Winter Haven 5 - Cocoa 5 |
| BOTTOM OF THE 8TH |
|
Cocoa Flyers batting - Pitching for Winter Haven Sun Sox : RHP Gregory Staffon
|
|
Batting: LHB Gary Robertson
|
0-0: Swinging Strike 0-1: Ball 1-1: Ball 2-1: Swinging Strike 2-2: Foul Ball, location: 2F 2-2: Foul Ball, location: 2F 2-2: Ball 3-2: Ground out 4-3 (Groundball, 4, EV 83.1 MPH)
|
|
Batting: RHB Larry McNutt
|
0-0: Swinging Strike 0-1: Swinging Strike 0-2: Strikes out looking
|
|
Batting: LHB Shanie Dugas
|
0-0: Ball 1-0: Foul Ball, location: 2F 1-1: Foul Ball, location: 2F 1-2: SINGLE (Line Drive, 56D, EV 102.5 MPH)
|
|
Pitching: RHP Dave Steffen
|
|
|
Batting: SHB Rick Lockwood
|
0-0: Ball 1-0: Ball 2-0: Called Strike 2-1: Ball 3-1: Base on Balls Shanie Dugas to second
|
|
Batting: RHB Charles Fick
|
0-0: Called Strike 0-1: Ball 1-1: Ball 2-1: Foul Ball, location: 2F 2-2: Fly out, F8 (Flyball, 8LD, EV 78.8 MPH)
|
| Bottom of the 8th over - 0 runs, 1 hit, 0 errors, 2 left on base; Winter Haven 5 - Cocoa 5 |
| TOP OF THE 9TH |
|
Winter Haven Sun Sox batting - Pitching for Cocoa Flyers : RHP Curtis Reade
|
|
Pitching: RHP Jeffery Vail
|
|
|
Batting: LHB Don Carter
|
0-0: Ball 1-0: Called Strike 1-1: Ball 2-1: Ball 3-1: Base on Balls
|
|
Pinch Hitting: LHB Charles Melito
|
0-0: Ball Don Carter is caught stealing 2nd base 2-6 1-0: Ball 2-0: Ball 3-0: Foul Ball, location: 2F 3-1: Foul Ball, location: 2F 3-2: Foul Ball, location: 2F 3-2: Base on Balls
|
|
Batting: RHB Augie Schmidt
|
0-0: Ball 1-0: Swinging Strike 1-1: Reached on error, E3 (Groundball, 34, EV 97.5 MPH) Charles Melito to second
|
|
Pinch Runner at 2nd Roderick Murphy:
|
|
|
Batting: RHB Michael Rupp
|
0-0: Ball 1-0: SINGLE (Groundball, 56D, EV 98.8 MPH) Roderick Murphy to third Augie Schmidt to second Runner from 3rd tries for Home, SAFE, throw by LF to home
|
|
Batting: RHB Takashi Upshur
|
0-0: Foul Ball, location: 2F 0-1: Ground out 6-3 (Groundball, P, EV 84.4 MPH) Augie Schmidt to third Michael Rupp to second
|
|
Batting: RHB Sam Sorce
|
0-0: Swinging Strike 0-1: Foul Ball, location: 2F 0-2: Ball 1-2: DOUBLE (Line Drive, 9LM, EV 99.4 MPH) Augie Schmidt scores Michael Rupp scores
|
|
Batting: RHB Stephen Rhodes
|
0-0: Swinging Strike 0-1: Ball 1-1: Ball 2-1: Called Strike 2-2: Ball 3-2: Strikes out swinging
|
| Top of the 9th over - 3 runs, 2 hits, 1 error, 1 left on base; Winter Haven 8 - Cocoa 5 |
| BOTTOM OF THE 9TH |
|
Cocoa Flyers batting - Pitching for Winter Haven Sun Sox : RHP Dave Steffen
|
|
Pitching: RHP Brian Monahan
|
|
|
Now at 2B: Bob Nandin
|
|
|
Batting: SHB Michael Palmer
|
0-0: Ball 1-0: Ball 2-0: Ball 3-0: Base on Balls
|
|
Batting: RHB Rhett Whisman
|
0-0: Ball 1-0: Called Strike 1-1: Ball 2-1: Called Strike 2-2: Foul Ball, location: 2F 2-2: Foul Ball, location: 2F 2-2: Foul Ball, location: 2F 2-2: Foul Ball, location: 2F 2-2: Foul Ball, location: 2F 2-2: Grounds into double play, 6-4-3 (Groundball, 6, EV 85.6 MPH)
|
|
Batting: RHB Johnny Salery
|
0-0: Called Strike 0-1: Ball 1-1: Ball 2-1: Foul Ball, location: 2F 2-2: Foul Ball, location: 2F 2-2: Ball 3-2: Foul Ball, location: 2F 3-2: Foul Ball, location: 2F 3-2: Base on Balls
|
|
Batting: RHB Lorenzo Quintanilla
|
0-0: Ball 1-0: Called Strike 1-1: Ball 2-1: Foul Ball, location: 2F 2-2: Foul Ball, location: 2F 2-2: Foul Ball, location: 2F 2-2: Ball 3-2: Fly out, F7 (Flyball, 7, EV 86.3 MPH)
|
| Bottom of the 9th over - 0 runs, 0 hits, 0 errors, 1 left on base; Winter Haven 8 - Cocoa 5 |
|